 Dungeon Crawl Stone Soup version 0.26-a0-663-g36e8fdb655 (webtiles) character file.

Game seed: 13466737472367507681

187 Grim the Changer (level 5, -3/33 HPs)
             Began as an Octopode Transmuter on Oct 11, 2020.
             Slain by a bullfrog skeleton (7 damage)
             ... on level 4 of the Dungeon.
             The game lasted 00:07:56 (4438 turns).

Grim the Changer (Octopode Transmuter)              Turns: 4438, Time: 00:07:57

Health: -3/33      AC:  3    Str:  9    XL:     5   Next: 66%
Magic:  6/7        EV: 14    Int: 16    God:
Gold:   286        SH:  0    Dex: 19    Spells: 2/8 levels left

rFire    . . .     SeeInvis .     - Unarmed
rCold    . . .     Faith    .   (no shield)
rNeg     . . .     Spirit   .   (helmet restricted)
rPois    +         Reflect  .   q - amulet of the acrobat
rElec    .         Harm     .   h - +6 ring of dexterity
rCorr    .         Rampage  .   (no ring)
MR       +....                  u - ring of poison resistance
Stlth    +++.......             (no ring)
HPRegen  0.11/turn              (no ring)
MPRegen  0.10/turn              (no ring)
                                (no ring)
                                (no ring)

@: wereblooded
A: almost no armour, stealthy swim, amphibious, 8 rings, constrict 8, fangs 1,
molten scales 1, camouflage 1, low mp 1, magic resistance 1, gelatinous body 1
a: no special abilities


You were on level 4 of the Dungeon.
You visited 1 branch of the dungeon, and saw 4 of its levels.

You collected 286 gold pieces.

Inventory:

Missiles
 j - 6 boomerangs (quivered)
Jewellery
 h - a +6 ring of dexterity (left tentacle)
 n - an uncursed amulet of guardian spirit
 q - an amulet of the acrobat (around mantle)
 u - a ring of poison resistance (on tentacle)
Wands
 f - a wand of flame (11)
Scrolls
 b - a scroll of random uselessness {unknown}
 k - 2 scrolls of teleportation
 t - 3 scrolls of amnesia
Potions
 a - 2 potions of lignification
 c - 2 potions of brilliance
 d - 3 potions of curing
 e - 2 potions of stabbing
 g - a potion of degeneration {unknown}
 i - a potion of might {unknown}
 m - 2 potions of heal wounds
 o - 2 potions of resistance
 r - a potion of flight {unknown}


   Skills:
 - Level 1.0 Fighting
 - Level 2.0 Dodging
 + Level 4.2 Unarmed Combat
 - Level 2.0 Spellcasting
 * Level 4.8 Transmutations


You had 2 spell levels left.
You knew the following spells:

 Your Spells              Type           Power        Failure   Level
a - Beastly Appendage     Tmut           ###...       2%          1
b - Wereblood             Tmut           ###.....     4%          2
c - Spider Form           Tmut/Pois      #.........   22%         3

Your spell library contained the following spells:

 Spells                   Type           Power        Failure   Level
 Ice Form                 Ice/Tmut       #.......     58%         4
 Blade Hands              Tmut           ###.......   61%         5


Dungeon Overview and Level Annotations

Branches:
Dungeon (4/15)
 Temple: D:4-7

Altars:
Nemelex Xobeh
Qazlal
Ru
Uskayaw
Yredelemnul


Innate Abilities, Weirdness & Mutations

You cannot wear most types of armour.
You are very stealthy in the water. (Stealth+)
You are amphibious.
You can wear up to eight rings at the same time.
You can use your tentacles to constrict eight enemies at once.
Your skin changes colour to match your surroundings (Stealth+).
Your rubbery body absorbs attacks. (AC +1, EV +1)
You have very sharp teeth.
You are partially covered in molten scales. (AC +2)
Your magical capacity is low. (-10% MP)
You are resistant to hostile enchantments. (MR+)


Message History

* * * LOW HITPOINT WARNING * * *
The gnoll completely misses you. x2
You tentacle-slap the gnoll but do no damage.
You grab the gnoll. You squeeze the gnoll.
The gnoll is lightly wounded.
You howl as the wereblood boils in your veins!
You constrict the gnoll. The gnoll misses you.
A gnoll comes into view.
You tentacle-slap the gnoll.
The gnoll is severely wounded.
You constrict the gnoll. The gnoll closely misses you.
The gnoll hits you with a +0 spear!
* * * LOW HITPOINT WARNING * * *
You tentacle-slap the gnoll.
The gnoll is almost dead.
You constrict the gnoll.
You kill the gnoll!
You barely miss the bullfrog skeleton. You grab the bullfrog skeleton.
You constrict the bullfrog skeleton. The bullfrog skeleton hits you!
You die...

#.......# #.......#
. #.......# ..
####....###..
#.........
#.....##..
.###########(....#
.#.......#.).<..)#
.........#.#####@#
#.......#.#####Z#
.#.......#.#...gl###
.. ...
...........=........
. ..>
.####.####.#.##...[.
g gg #.# #.#g##....#
# #$..#
.####.####.#.##....#
#.##.#.
............g.?.....
.l...g.
#####.####.#.##....#
#.##..g#


You could see a gnoll, a leopard gecko and a bullfrog skeleton.

Vanquished Creatures
  A gnoll shaman (D:4)
  3 gnolls (D:4)
  4 adders
  An adder skeleton (D:4)
  A worm (D:2)
  5 dart slugs
  2 leopard geckos
  5 orcs
  2 ball pythons
  8 goblins
  10 hobgoblins
  A jackal (D:3)
  10 kobolds
  2 quokkas
  6 bats (D:1)
  A frilled lizard (D:1)
  A leopard gecko skeleton (D:4)
  A quokka skeleton (D:3)
  9 rats
73 creatures vanquished.

Notes
Turn   | Place    | Note
-------+----------+-------------------------------------------
     0 | D:1      | Grim the Octopode Transmuter began the quest for the Orb.
     0 | D:1      | Reached XP level 1. HP: 13/13 MP: 3/3
   262 | D:1      | Reached XP level 2. HP: 11/18 MP: 3/5
   871 | D:1      | Reached XP level 3. HP: 21/23 MP: 4/6
  1997 | D:2      | Found a sparkling altar of Nemelex Xobeh.
  2296 | D:3      | Learned a level 2 spell: Wereblood
  2300 | D:3      | Reached XP level 4. HP: 15/28 MP: 3/7
  2916 | D:3      | Found a basalt altar of Yredelemnul.
  3814 | D:3      | Gained mutation: You are partially covered in molten
                  | scales. (AC +2) [potion of mutation]
  3814 | D:3      | Gained mutation: You tend to lose your temper in combat.
                  | [potion of mutation]
  3814 | D:3      | Gained mutation: You are resistant to hostile enchantments.
                  | (MR+) [potion of mutation]
  3815 | D:3      | Lost mutation: You tend to lose your temper in combat.
                  | [potion of mutation]
  3815 | D:3      | Gained mutation: Your magical capacity is low. (-10% MP)
                  | [potion of mutation]
  3815 | D:3      | Gained mutation: You have very sharp teeth. [potion of
                  | mutation]
  3839 | D:4      | Found a stormy altar of Qazlal.
  3842 | D:4      | Found a hide-covered altar of Uskayaw.
  3956 | D:4      | Found a sacrificial altar of Ru.
  3960 | D:4      | Reached XP level 5. HP: 33/33 MP: 7/7
  4082 | D:4      | Learned a level 3 spell: Spider Form
  4438 | D:4      | Slain by a bullfrog skeleton

Illustrated notes

Levels and vault maps discovered:
D:1:      wander_arrival_peaceful_grave, layout_loops_ring, lemuel_old_faithful
D:2:      layout_basic, lemuel_crystal_altar, uniq_crazy_yiuf_cottage
D:3:      wad_pebble_path, layout_basic, old_standard_altar,
          minmay_divided_ellipse
D:4:      layout_basic, nicolae_overflow_crystal_walls,
          chequers_temple_overflow_statue_of_worship

Skill      XL: |  1  2  3  4  5 |
---------------+----------------+-----
Transmutations | 3 4 |  4.8
Unarmed Combat | 4 |  4.2
Fighting       | |  1.0
Dodging        | |  2.0
Spellcasting   | |  2.0

Action                   |  1- 3 |  4- 6 || total
-------------------------+-------+-------++-------
Melee: Unarmed           |   106 |    87 ||   193
       Constrict         |    26 |    25 ||    51
       Tentacles         |    17 |    22 ||    39
       Kick              |    14 |     8 ||    22
       Punch             |     2 |     2 ||     4
       Bite              |       |     5 ||     5
 Cast: Beastly Appendage |    13 |     5 ||    18
       Wereblood         |     1 |     6 ||     7
  Use: Scroll            |     3 |     9 ||    12
       Potion            |       |     2 ||     2
 Stab: Sleeping          |     8 |     2 ||    10
Armor: Skin              |    13 |     2 ||    15
Dodge: Dodged            |    71 |    67 ||   138

Table legend: (Time is in decaauts)
 A = Elapsed time spent in this place.
 B = Non-inter-level travel time spent in this place.
 C = Inter-level travel time spent in this place.
 D = Time resting spent in this place.
 E = Time spent auto-exploring this place.
 F = Levels seen in this place.
 G = Mean time per level.
                   A        B        C        D        E       F      G
               +--------+--------+--------+--------+--------+-----+--------+
         Total |   4422 |   4345 |     77 |   1581 |   2179 |   4 | 1105.5 |
       Dungeon |   4422 |   4345 |     77 |   1581 |   2179 |   4 | 1105.5 |
               +--------+--------+--------+--------+--------+-----+--------+

Top non-repeatable levels by time:
     D:3: 1875 daAuts
     D:1: 1423 daAuts
     D:2: 762 daAuts
     D:4: 361 daAuts
